 Dungeon Crawl Stone Soup version 0.26.0-10-g1f06aea511 (webtiles) character file.

Game seed: 13379531269526995862

0 sanka the Sneak (level 1, -1/21 HPs)
             Began as a Naga Delver on Jan 20, 2021.
             Slain by a hound (4 damage)
             ... on level 5 of the Dungeon.
             The game lasted 00:00:42 (38 turns).

sanka the Sneak (Naga Delver)                         Turns: 38, Time: 00:00:43

Health: -1/21      AC:  4    Str: 14    XL:     1   Next: 10%
Magic:  1/1        EV:  9    Int: 15    God:
Gold:   0          SH:  0    Dex: 12    Spells: 0/0 levels left

rFire    . . .     SeeInvis +   a - +0 hand axe
rCold    . . .     Faith    .   (no shield)
rNeg     . . .     Spirit   .   h - +3 leather armour "Lisuonut" {-Tele Int+5}
rPois    +         Reflect  .   (no helmet)
rElec    .         Harm     .   (no cloak)
rCorr    .         Rampage  .   (no gloves)
Will     .....     NoTele   +   (no barding)
Stlth    +++.......             (no amulet)
HPRegen  0.07/turn              (no ring)
MPRegen  0.07/turn              (no ring)

@: very slow
A: large, see invisible, deformed body, poison resistance, slowness 2, spit
poison 1, AC +0
a: Spit Poison


You were on level 5 of the Dungeon.
You visited 1 branch of the dungeon, and saw 1 of its levels.


Innate Abilities, Weirdness & Mutations

You cannot wear boots.
Your serpentine skin is tough. (AC +0)
You have supernaturally acute eyesight. (SInv)
Armour fits poorly on your strangely shaped body.
Your system is resistant to poisons. (rPois)
You cover ground very slowly.
You can spit poison.


   Skills:
 - Level 3.0 Fighting
 - Level 2.0 Axes
 - Level 1.5 Dodging
 + Level 7.3 Stealth


You couldn't memorise any spells.
You didn't know any spells.
Your spell library was empty.

Inventory:

Hand Weapons
 a - a +0 hand axe (weapon)
Armour
 b - a +0 leather armour
 h - the +3 leather armour "Lisuonut" (worn) {-Tele Int+5}

   It affects your intelligence (+5).
   It prevents most forms of teleportation.
Wands
 g - a wand of digging (3)
Scrolls
 c - a scroll of fog
 d - a scroll of magic mapping
 e - a scroll of fear
Potions
 f - a potion of haste {@q3}

Dungeon Overview and Level Annotations

Branches:
Dungeon (5/15)
 Temple: D:4-7

Altars:

▒.▒ ...▒▒
▒▒.. .....
........l▒
▒.. .?.▒.▒
▒.. ▒..▒.▒
▒..▒▒..▒.▒
▒....#.▒.▒
▒▒...h...▒
▒▒▒N†...▒▒
▒▒.......▒▒
▒[......<.▒
+......#..+
▒.........▒
▒▒.>.....▒▒
▒▒.....▒▒
▒▒...▒▒
▒▒+▒▒


You could see a hound.


Message History

You see here a frilled lizard corpse.
The hound enters a dispersal trap!
The hound blinks!
Use which ability? (? or * to list)
You can't do that yet.
The hound enters a dispersal trap!
The hound blinks!
You have got your breath back.
Use which ability? (? or * to list)
Aim: a hound (moderately wounded)
The splash of poison misses the hound.
The hound enters a dispersal trap!
The hound blinks!
The hound bites you.
* * * LOW HITPOINT WARNING * * *
The hound bites you.
* * * LOW HITPOINT WARNING * * *
Really slither into that dispersal trap?
You enter a dispersal trap!
The hound blinks!
The hound blinks!
You have got your breath back.
The hound bites you.
* * * LOW HITPOINT WARNING * * *
There is a dispersal trap here.
Use which ability? (? or * to list)
Aim: a hound (moderately wounded)
You fail to use your ability.
The hound bites you.
You die...

Action                   || total
-------------------------++-------
Melee: Hand axe          ||     1
 Abil: Spit Poison       ||     3
Armor: Leather armour    ||     2
Dodge: Dodged            ||     3

Levels and vault maps discovered:
D:5:      cheibrodos_helix_gallery, layout_loops_corners,
          hangedman_abyss_or_decor_stabs, kennysheep_flooded_box, led_xom_imps

Notes
Turn   | Place    | Note
-------+----------+-------------------------------------------
     0 | D:5      | sanka the Naga Delver began the quest for the Orb.
     0 | D:5      | Reached XP level 1. HP: 21/21 MP: 1/1
     5 | D:5      | Got a faintly humming leather armour
    17 | D:5      | Identified the +3 leather armour "Lisuonut" {-Tele Int+5}
                  | (You found it on level 5 of the Dungeon)
    17 | D:5      | Noticed a hound
    38 | D:5      | Slain by a hound

Vanquished Creatures
  A frilled lizard (D:5)
1 creature vanquished.

Table legend: (Time is in decaauts)
 A = Elapsed time spent in this place.
 B = Non-inter-level travel time spent in this place.
 C = Inter-level travel time spent in this place.
 D = Time resting spent in this place.
 E = Time spent auto-exploring this place.
 F = Levels seen in this place.
 G = Mean time per level.
                   A        B        C        D        E       F      G
               +--------+--------+--------+--------+--------+-----+--------+
         Total |     46 |     46 |      0 |      0 |      0 |   1 |   46.0 |
       Dungeon |     46 |     46 |      0 |      0 |      0 |   1 |   46.0 |
               +--------+--------+--------+--------+--------+-----+--------+

Top non-repeatable levels by time:
     D:5: 46 daAuts
